[Event "10th Dolomiti Open 2019"]
[Site "Forni di Sopra"]
[Date "2019.06.18"]
[Round "5.1"]
[White "Ruiz Miguel, Santos"]
[Black "Martinez Alcantara, J."]
[Result "1/2-1/2"]
[ECO "E32"]
[WhiteElo "2557"]
[BlackElo "2583"]
[Annotator "ChessBase"]
[PlyCount "32"]
[EventDate "2019.06.15"]
[EventType "swiss"]
[EventCountry "ITA"]
[SourceTitle "playchess.com"]
[Source "ChessBase"]
[SourceQuality "1"]
[TimeControl "40/5400+30:1800+30"]

1. d4 Nf6 2. c4 e6 3. Nc3 Bb4 4. Qc2 O-O 5. e4 d5 6. e5 Ne4 7. Nf3 c5 8. Bd3 cxd4 9. Nxd4 Nd7 10. Bf4 Bxc3+ 11. bxc3 Ndc5 12. O-O Nxd3 13. Qxd3 Qd7 14. Rfe1 b6 15. cxd5 exd5 16. h3 Qa4 1/2-1/2

[Event "10th Dolomiti Open 2019"]
[Site "Forni di Sopra"]
[Date "2019.06.18"]
[Round "5.3"]
[White "Sarkar, Justin"]
[Black "Deac Bogdan-Daniel"]
[Result "0-1"]
[ECO "D85"]
[WhiteElo "2359"]
[BlackElo "2623"]
[Annotator "RC"]
[PlyCount "90"]
[EventDate "2019.06.15"]
[EventType "swiss"]
[EventCountry "ITA"]
[SourceTitle "playchess.com"]
[Source "ChessBase"]
[SourceQuality "1"]
[TimeControl "40/5400+30:1800+30"]

1. d4 Nf6 2. c4 g6 3. Nc3 d5 4. cxd5 Nxd5 5. e4 Nxc3 6. bxc3 Bg7 7. Bb5+ c6 8. Ba4 O-O 9. Ne2 c5 10. O-O Nc6 11. Bxc6 bxc6 12. Ba3 cxd4 13. Nxd4 Qc7 14. Qa4 Bd7 15. Qc4 Rfc8 16. Bc5 e5 17. Nc2 Qa5 18. Qb4 Qa6 19. c4 Be6 20. Ne3 Rab8 21. Qc3 Rd8 22. f3 f5 23. Rfc1 Rd7 24. a4 Rbd8 25. a5 h5 26. Ra2 Kh7 27. Re2 Rd3 28. Qb4 R8d7 29. exf5 gxf5 30. Nf1 Kg6 31. Qe1 Bxc4 32. Qg3+ Kh7 33. Rxe5 Bxe5 34. Qxe5 Bf7 35. Qxf5+ Bg6 36. Qf6 Qxa5 37. Qxc6 Qc7 38. Qf6 Rf7 39. Qe6 a5 40. Ne3 Qf4 41. Rc4 Qg5 42. f4 Rxf4 43. Be7 Qh6 44. Rc7 Qg7 45. Bd6 Rf7 0-1

[Event "10th Dolomiti Open 2019"]
[Site "Forni di Sopra"]
[Date "2019.06.18"]
[Round "5.6"]
[White "Favaloro, Andrea"]
[Black "Cruz, Cristhian"]
[Result "0-1"]
[ECO "A30"]
[WhiteElo "2337"]
[BlackElo "2561"]
[Annotator "ChessBase"]
[PlyCount "59"]
[EventDate "2019.06.15"]
[EventType "swiss"]
[EventCountry "ITA"]
[SourceTitle "playchess.com"]
[Source "ChessBase"]
[SourceQuality "1"]
[TimeControl "40/5400+30:1800+30"]

1. Nf3 Nf6 2. g3 b6 3. Bg2 Bb7 4. O-O c5 5. c4 g6 6. Nc3 Bg7 7. Re1 Ne4 8. Nxe4 Bxe4 9. d4 cxd4 10. Bh6 Bxh6 11. Qxd4 O-O 12. Qxe4 Nc6 13. Rad1 Rc8 14. b3 Bg7 15. e3 d6 16. Nd4 Nxd4 17. exd4 e6 18. h4 b5 19. cxb5 d5 20. Qd3 Qa5 21. Rd2 Rc3 22. Qe2 Rfc8 23. Kh2 Bh6 24. f4 Bf8 25. Bh3 R3c7 26. Red1 Bb4 27. Rb2 Ba3 28. Rbd2 Bc1 29. h5 Bxd2 30. Rxd2 0-1

[Event "10th Dolomiti Open 2019"]
[Site "Forni di Sopra"]
[Date "2019.06.18"]
[Round "5.7"]
[White "Ranaldi, Lucas"]
[Black "Basso Pier, Luigi"]
[Result "0-1"]
[ECO "D45"]
[WhiteElo "2237"]
[BlackElo "2539"]
[Annotator "ChessBase"]
[PlyCount "38"]
[EventDate "2019.06.15"]
[EventType "swiss"]
[EventCountry "ITA"]
[SourceTitle "playchess.com"]
[Source "ChessBase"]
[SourceQuality "1"]
[TimeControl "40/5400+30:1800+30"]

1. c4 c6 2. Nf3 d5 3. e3 Nf6 4. Nc3 e6 5. b3 Bd6 6. Bb2 O-O 7. d4 Nbd7 8. Be2 b6 9. O-O Bb7 10. Qc2 Qe7 11. Rad1 Rad8 12. Rfe1 Rfe8 13. Bf1 e5 14. cxd5 e4 15. dxc6 exf3 16. cxb7 Bxh2+ 17. Kxh2 Qd6+ 18. Kh3 Re5 19. g4 Qe6 0-1

[Event "10th Dolomiti Open 2019"]
[Site "Forni di Sopra"]
[Date "2019.06.18"]
[Round "5.8"]
[White "Castellanos, Rodrigue"]
[Black "Sgircea Silvia-Raluc"]
[Result "1-0"]
[ECO "B31"]
[WhiteElo "2511"]
[BlackElo "2256"]
[Annotator "ChessBase"]
[PlyCount "57"]
[EventDate "2019.06.15"]
[EventType "swiss"]
[EventCountry "ITA"]
[SourceTitle "playchess.com"]
[Source "ChessBase"]
[SourceQuality "1"]
[TimeControl "40/5400+30:1800+30"]

1. e4 c5 2. Nf3 Nc6 3. Bb5 g6 4. O-O Bg7 5. Re1 Nf6 6. c3 O-O 7. h3 a6 8. Bf1 d6 9. d4 cxd4 10. cxd4 b5 11. Nbd2 Bb7 12. d5 Na5 13. Rb1 Rc8 14. b3 Nd7 15. Bb2 Bxb2 16. Rxb2 b4 17. Nd4 Qb6 18. N2f3 Ne5 19. Qd2 Kg7 20. Nh4 Rc3 21. Rc2 Rxc2 22. Nxc2 h6 23. Re3 Rc8 24. Nd4 Qc5 25. Nhf3 Rc7 26. Ne1 Bc8 27. Nec2 Nb7 28. Bxa6 Qa5 29. Nxb4 1-0

[Event "10th Dolomiti Open 2019"]
[Site "Forni di Sopra"]
[Date "2019.06.18"]
[Round "5.9"]
[White "Eugene, Floryan"]
[Black "Valsecchi, Alessio"]
[Result "0-1"]
[ECO "C03"]
[WhiteElo "2304"]
[BlackElo "2504"]
[Annotator "ChessBase"]
[PlyCount "115"]
[EventDate "2019.06.15"]
[EventType "swiss"]
[EventCountry "ITA"]
[SourceTitle "playchess.com"]
[Source "ChessBase"]
[SourceQuality "1"]
[TimeControl "40/5400+30:1800+30"]

1. e4 e6 2. d4 d5 3. Nd2 Be7 4. Ngf3 Nf6 5. e5 Nfd7 6. Bd3 c5 7. c3 b6 8. Qe2 Nc6 9. a3 a5 10. Nf1 a4 11. Bb5 Ndb8 12. Qd1 Bd7 13. Bxa4 Nxe5 14. Bxd7+ Nexd7 15. Bf4 Nc6 16. Ne3 c4 17. Qc2 b5 18. Rd1 O-O 19. h4 Nf6 20. Ng5 Bd6 21. Ng4 Ne4 22. Bxd6 Qxd6 23. Nxe4 dxe4 24. Ne3 f5 25. Qe2 Ne7 26. g3 Nd5 27. Nxd5 exd5 28. Kd2 f4 29. g4 e3+ 30. fxe3 fxe3+ 31. Kc1 Rae8 32. Rdf1 Qg3 33. h5 Re4 34. Rxf8+ Kxf8 35. Rf1+ Kg8 36. Re1 h6 37. Kd1 Qf4 38. Rg1 Re8 39. Re1 Qe4 40. Kc1 Re6 41. Rf1 b4 42. Qc2 bxa3 43. Qxe4 axb2+ 44. Kxb2 Rxe4 45. Re1 Kf7 46. Ka3 Ke6 47. Kb4 Kd6 48. Ka5 e2 49. Kb5 Re3 50. Kb4 Kc6 51. Ka4 Rxc3 52. Rxe2 Kd6 53. Rb2 Rd3 54. Rb7 Rxd4 55. Rxg7 Rd1 56. Kb4 Rb1+ 57. Kc3 Rb3+ 58. Kd4 {[%emt 0:09:09] Ke5+} 0-1

[Event "10th Dolomiti Open 2019"]
[Site "Forni di Sopra"]
[Date "2019.06.18"]
[Round "5.10"]
[White "Le Goff, Ronan"]
[Black "Arjun, Kalyan"]
[Result "1/2-1/2"]
[ECO "D02"]
[WhiteElo "2229"]
[BlackElo "2482"]
[Annotator "ChessBase"]
[PlyCount "94"]
[EventDate "2019.06.15"]
[EventType "swiss"]
[EventCountry "ITA"]
[SourceTitle "playchess.com"]
[Source "ChessBase"]
[SourceQuality "1"]
[TimeControl "40/5400+30:1800+30"]

1. Nf3 d5 2. g3 Bg4 3. d4 c6 4. Bg2 Nf6 5. Nbd2 e6 6. O-O Nbd7 7. Re1 Be7 8. e4 O-O 9. c3 h6 10. h3 Bh5 11. Qb3 Qc7 12. exd5 cxd5 13. Nh4 g5 14. Nf5 Bd8 15. Ne3 Qb6 16. Qxb6 Bxb6 17. b3 Rfc8 18. Bb2 Ba5 19. Rec1 Be2 20. a4 Rab8 21. b4 Bd8 22. c4 dxc4 23. Ndxc4 Be7 24. b5 Bxc4 25. Rxc4 Rxc4 26. Nxc4 Nd5 27. Bxd5 exd5 28. Ne3 Nf6 29. Nf5 Bf8 30. Ba3 h5 31. Bxf8 Kxf8 32. Rc1 Ne8 33. Rc5 Rd8 34. Ne3 Ng7 35. Rc7 Rb8 36. Rd7 Ne6 37. Nf5 Ke8 38. Rxd5 Rd8 39. Re5 Kf8 40. a5 g4 41. d5 Ng5 42. Nd4 Nxh3+ 43. Kf1 Kg7 44. Rxh5 Kg6 45. Re5 f6 46. Rf5 Ng5 47. Ke2 Nf7 1/2-1/2

[Event "10th Dolomiti Open 2019"]
[Site "Forni di Sopra"]
[Date "2019.06.19"]
[Round "6.4"]
[White "Cruz, Cristhian"]
[Black "Sonis, Francesco"]
[Result "1-0"]
[ECO "E43"]
[WhiteElo "2561"]
[BlackElo "2494"]
[Annotator "ChessBase"]
[PlyCount "93"]
[EventDate "2019.06.15"]
[EventType "swiss"]
[EventCountry "ITA"]
[SourceTitle "playchess.com"]
[Source "ChessBase"]
[SourceQuality "1"]
[TimeControl "40/5400+30:1800+30"]

1. d4 Nf6 2. c4 e6 3. Nc3 Bb4 4. e3 b6 5. Bd3 Bb7 6. Nf3 O-O 7. O-O d5 8. a3 Bxc3 9. bxc3 c5 10. cxd5 exd5 11. dxc5 bxc5 12. c4 Nbd7 13. Bb2 Re8 14. Rc1 Rb8 15. cxd5 Bxd5 16. Bxf6 Nxf6 17. Rxc5 Bxf3 18. gxf3 Rc8 19. Rxc8 Qxc8 20. Qe2 Qc5 21. a4 g6 22. Rb1 Rd8 23. Bc4 Rd7 24. Rb5 Qc6 25. Kg2 Kg7 26. Ba2 Qc3 27. Qc4 Qxc4 28. Bxc4 Rc7 29. Bb3 Nd7 30. Kf1 Nc5 31. Bd1 Kf6 32. Ke2 Ke7 33. Bc2 Kd6 34. f4 Rc8 35. h4 Rc6 36. Kd2 Kc7 37. f5 Rd6+ 38. Kc3 Rc6 39. Kd4 Kd6 40. e4 f6 41. f4 Nd7 42. Bd3 gxf5 43. Rd5+ Kc7 44. Rxd7+ Kxd7 45. Bb5 a6 46. Bxc6+ Kxc6 47. e5 {[%emt 0:09:16] Kd5+ Ke4+} 1-0

[Event "10th Dolomiti Open 2019"]
[Site "Forni di Sopra"]
[Date "2019.06.19"]
[Round "6.5"]
[White "Basso, Pier Luigi"]
[Black "Castellanos Rodriguez, Renier"]
[Result "1-0"]
[ECO "E16"]
[WhiteElo "2539"]
[BlackElo "2511"]
[Annotator "ChessBase"]
[PlyCount "79"]
[EventDate "2019.06.15"]
[EventType "swiss"]
[EventCountry "ITA"]
[SourceTitle "playchess.com"]
[Source "ChessBase"]
[SourceQuality "1"]
[TimeControl "40/5400+30:1800+30"]

1. d4 Nf6 2. c4 e6 3. Nf3 b6 4. g3 Bb4+ 5. Bd2 c5 6. Bg2 Bb7 7. d5 exd5 8. Nh4 O-O 9. Bxb4 cxb4 10. O-O Na6 11. a3 Qe7 12. cxd5 Qe5 13. axb4 Nxb4 14. e4 a5 15. Nc3 Ba6 16. f4 Qc7 17. Rf3 d6 18. Qd2 Rae8 19. Re1 Nd7 20. Bf1 Bxf1 21. Kxf1 g6 22. Kg2 Qc4 23. Re2 Nc5 24. e5 f5 25. Rfe3 Nb3 26. Qd1 Nd4 27. Rd2 Nb3 28. Rf2 Nc5 29. Nf3 Re7 30. Qd4 Qxd4 31. Nxd4 dxe5 32. Rxe5 Rd7 33. Ne6 Rc8 34. Nxc5 Rxc5 35. Rd2 Kf7 36. h3 Rd6 37. g4 fxg4 38. hxg4 Rc4 39. Kf3 Nc6 40. Re4 1-0

[Event "10th Dolomiti Open 2019"]
[Site "Forni di Sopra"]
[Date "2019.06.19"]
[Round "6.6"]
[White "Valsecchi, Alessio"]
[Black "Sarkar, Justin"]
[Result "0-1"]
[ECO "A17"]
[WhiteElo "2504"]
[BlackElo "2359"]
[Annotator "ChessBase"]
[PlyCount "64"]
[EventDate "2019.06.15"]
[EventType "swiss"]
[EventCountry "ITA"]
[SourceTitle "playchess.com"]
[Source "ChessBase"]
[SourceQuality "1"]
[TimeControl "40/5400+30:1800+30"]

1. c4 Nf6 2. Nc3 e6 3. e3 d5 4. Nf3 c5 5. cxd5 Nxd5 6. Qc2 Nc6 7. a3 Be7 8. Be2 O-O 9. h4 f5 10. h5 a6 11. h6 g6 12. d3 b5 13. Nxd5 Qxd5 14. Bd2 e5 15. e4 Qd6 16. Rc1 fxe4 17. dxe4 Nd4 18. Nxd4 exd4 19. f4 Rxf4 20. Bxf4 Qxf4 21. Qb3+ c4 22. Rxc4 bxc4 23. Qxc4+ Kh8 24. Rf1 Qxe4 25. Qf7 Qb1+ 26. Bd1 Bh4+ 27. g3 Bxg3+ 28. Kd2 Qxb2+ 29. Kd3 Qc3+ 30. Ke4 Qe3+ 31. Kd5 Be6+ 32. Qxe6 Rd8+ {[%emt 0:08:40] Kxd4} 0-1

[Event "10th Dolomiti Open 2019"]
[Site "Forni di Sopra"]
[Date "2019.06.19"]
[Round "6.7"]
[White "Haug, Johannes"]
[Black "Bellia, Fabrizio"]
[Result "1-0"]
[ECO "B12"]
[WhiteElo "2438"]
[BlackElo "2450"]
[Annotator "ChessBase"]
[PlyCount "81"]
[EventDate "2019.06.15"]
[EventType "swiss"]
[EventCountry "ITA"]
[SourceTitle "playchess.com"]
[Source "ChessBase"]
[SourceQuality "1"]
[TimeControl "40/5400+30:1800+30"]

1. e4 c6 2. d4 d5 3. e5 Bf5 4. h4 h5 5. Bd3 Bxd3 6. Qxd3 e6 7. Bg5 Be7 8. Nf3 Nh6 9. Nbd2 Nf5 10. g3 c5 11. Bxe7 Qxe7 12. c4 dxc4 13. Qxc4 Na6 14. d5 exd5 15. Qxd5 Nb4 16. Qe4 g6 17. a3 Nc6 18. O-O O-O 19. Rac1 Rac8 20. Rfe1 Rfe8 21. Qf4 Kg7 22. Kg2 b5 23. Nb1 Nfd4 24. Nxd4 Nxd4 25. Nc3 Qe6 26. Rcd1 Rcd8 27. Qe4 a6 28. Rd3 Rd7 29. Rdd1 Red8 30. Rf1 a5 31. Qf4 Re8 32. Rfe1 b4 33. axb4 axb4 34. Ne4 Qd5 35. Qf6+ Kg8 36. f3 Rxe5 37. Nxc5 Rxe1 38. Rxe1 Rd8 39. Re5 Qa8 40. Re7 Qd5 41. Rxf7 1-0

[Event "10th Dolomiti Open 2019"]
[Site "Forni di Sopra"]
[Date "2019.06.19"]
[Round "6.8"]
[White "Anand Nadar"]
[Black "Low, Zhen Yu Cyrus"]
[Result "1-0"]
[ECO "B53"]
[WhiteElo "2366"]
[BlackElo "2443"]
[Annotator "NA"]
[PlyCount "57"]
[EventDate "2019.06.15"]
[EventType "swiss"]
[EventCountry "ITA"]
[SourceTitle "playchess.com"]
[Source "ChessBase"]
[SourceQuality "1"]
[TimeControl "40/5400+30:1800+30"]

1. e4 c5 2. Nf3 d6 3. d4 cxd4 4. Qxd4 Nc6 5. Qe3 Nf6 6. Be2 g6 7. O-O Bg7 8. Rd1 O-O 9. Nc3 Qc7 10. Qf4 a6 11. Qh4 h5 12. Nd5 Nxd5 13. exd5 Ne5 14. Nxe5 dxe5 15. c4 b5 16. Bg5 f6 17. Be3 bxc4 18. Bxc4 Qd6 19. Rac1 Bd7 20. Bd3 Be8 21. Bc5 Qd7 22. d6 e6 23. Ba3 Ra7 24. Rc7 Rxc7 25. dxc7 Rf7 26. Rc1 Qc8 27. Bd6 Rd7 28. Qb4 Bf8 29. Qb8 1-0

[Event "10th Dolomiti Open 2019"]
[Site "Forni di Sopra"]
[Date "2019.06.19"]
[Round "6.9"]
[White "Arjun Kalyan"]
[Black "Dappiano, Andrea"]
[Result "1/2-1/2"]
[ECO "C00"]
[WhiteElo "2484"]
[BlackElo "2271"]
[Annotator "ChessBase"]
[PlyCount "85"]
[EventDate "2019.06.15"]
[EventType "swiss"]
[EventCountry "ITA"]
[SourceTitle "playchess.com"]
[Source "ChessBase"]
[SourceQuality "1"]
[TimeControl "40/5400+30:1800+30"]

1. Nf3 d5 2. g3 Nf6 3. Bg2 e6 4. O-O c5 5. d3 Nc6 6. Nbd2 b6 7. e4 Bb7 8. Re1 Be7 9. c3 O-O 10. e5 Nd7 11. Nf1 b5 12. h4 b4 13. c4 Nb6 14. Qe2 dxc4 15. dxc4 Nd4 16. Nxd4 Bxg2 17. Nf3 Bxf3 18. Qxf3 Nxc4 19. Qg4 Qd3 20. Bh6 Qg6 21. Qxc4 Qxh6 22. Rad1 Rfd8 23. Rxd8+ Rxd8 24. Qa6 Qh5 25. Qxa7 Bf8 26. a4 bxa3 27. Qxa3 Qf5 28. Qc3 Rd3 29. Qc4 Rd4 30. Qe2 Qd3 31. Qxd3 Rxd3 32. Ne3 Rd2 33. Nc4 Rc2 34. b3 Rc3 35. Re3 Rxe3 36. Nxe3 f6 37. Nc4 Kf7 38. f4 h5 39. Kf2 g5 40. hxg5 fxg5 41. Kf3 Kg6 42. Ne3 Be7 43. Ke4 1/2-1/2

[Event "10th Dolomiti Open 2019"]
[Site "Forni di Sopra"]
[Date "2019.06.19"]
[Round "6.10"]
[White "Di Benedetto, Edoardo"]
[Black "Ranaldi, Lucas"]
[Result "1/2-1/2"]
[ECO "E44"]
[WhiteElo "2409"]
[BlackElo "2237"]
[Annotator "NA"]
[PlyCount "88"]
[EventDate "2019.06.15"]
[EventType "swiss"]
[EventCountry "ITA"]
[SourceTitle "playchess.com"]
[Source "ChessBase"]
[SourceQuality "1"]
[TimeControl "40/5400+30:1800+30"]

1. d4 Nf6 2. c4 e6 3. Nc3 Bb4 4. e3 b6 5. Nge2 Ne4 6. Qc2 Bb7 7. a3 Bxc3+ 8. Nxc3 Nxc3 9. Qxc3 d6 10. f3 Qh4+ 11. g3 Qh5 12. e4 f5 13. Bg2 fxe4 14. fxe4 O-O 15. Bf4 Nd7 16. O-O Rae8 17. Bd2 e5 18. d5 Bc8 19. h3 Rxf1+ 20. Rxf1 Rf8 21. Rxf8+ Nxf8 22. g4 Qe8 23. b4 Qd8 24. c5 Bd7 25. Qc1 Ng6 26. Bg5 Qb8 27. c6 Be8 28. Qf1 h6 29. Be3 Nh4 30. Bh1 Qc8 31. g5 h5 32. Kh2 Ng6 33. Bf3 Nf4 34. Bxf4 exf4 35. Be2 Bg6 36. Qxf4 Qe8 37. Bf3 a5 38. b5 Qf7 39. Kg3 Qxf4+ 40. Kxf4 Kf7 41. e5 Ke7 42. Be4 Bxe4 43. Kxe4 g6 44. exd6+ cxd6 1/2-1/2

[Event "10th Dolomiti Open 2019"]
[Site "Forni di Sopra"]
[Date "2019.06.20"]
[Round "7.1"]
[White "Martinez Alcantara, Jose Eduardo"]
[Black "Basso, Pier Luigi"]
[Result "1/2-1/2"]
[ECO "C67"]
[WhiteElo "2583"]
[BlackElo "2539"]
[Annotator "ChessBase"]
[PlyCount "44"]
[EventDate "2019.06.15"]
[EventType "swiss"]
[EventCountry "ITA"]
[SourceTitle "playchess.com"]
[Source "ChessBase"]
[SourceQuality "1"]
[TimeControl "40/5400+30:1800+30"]

1. e4 e5 2. Nf3 Nc6 3. Bb5 Nf6 4. O-O Nxe4 5. d4 Nd6 6. Bxc6 dxc6 7. dxe5 Nf5 8. Qxd8+ Kxd8 9. h3 Ke8 10. Nc3 h5 11. Bg5 b6 12. Ne2 Bb7 13. Rad1 c5 14. Nc3 Bxf3 15. gxf3 c6 16. Ne4 Be7 17. Bxe7 Kxe7 18. Nd6 Ke6 19. Nxf5 Kxf5 20. Rd7 Rhf8 21. Re1 Rad8 22. Rxa7 Rd2 1/2-1/2

[Event "10th Dolomiti Open 2019"]
[Site "Forni di Sopra"]
[Date "2019.06.20"]
[Round "7.5"]
[White "Sarkar, Justin"]
[Black "Haug, Johannes"]
[Result "1-0"]
[ECO "A18"]
[WhiteElo "2359"]
[BlackElo "2438"]
[Annotator "NA"]
[PlyCount "87"]
[EventDate "2019.06.15"]
[EventType "swiss"]
[EventCountry "ITA"]
[SourceTitle "playchess.com"]
[Source "ChessBase"]
[SourceQuality "1"]
[TimeControl "40/5400+30:1800+30"]

1. c4 Nf6 2. Nc3 e6 3. e4 d5 4. e5 d4 5. exf6 dxc3 6. bxc3 Qxf6 7. Nf3 e5 8. Bd3 Nc6 9. O-O Bd6 10. Rb1 O-O 11. Qc2 g6 12. Be4 Bf5 13. Bxf5 gxf5 14. d4 e4 15. Ng5 h6 16. Nh3 b6 17. f3 exf3 18. Rxf3 Ne7 19. Nf4 c5 20. d5 Ng6 21. Bd2 Bxf4 22. Bxf4 Kg7 23. Bc7 Qe7 24. d6 Qe4 25. Qxe4 fxe4 26. Rf5 f6 27. d7 Ne5 28. Rxe5 fxe5 29. Rf1 Rfd8 30. Bxd8 Rxd8 31. Rd1 Kf6 32. Kf2 Ke6 33. Ke3 Rxd7 34. Rxd7 Kxd7 35. Kxe4 Ke6 36. g4 a6 37. a4 Kf6 38. h4 Ke6 39. g5 h5 40. g6 Kf6 41. g7 Kxg7 42. Kxe5 Kg6 43. Ke6 a5 44. Ke5 1-0

[Event "10th Dolomiti Open 2019"]
[Site "Forni di Sopra"]
[Date "2019.06.20"]
[Round "7.8"]
[White "Castellanos Rodriguez, Renier"]
[Black "Di Benedetto, Edoardo"]
[Result "1/2-1/2"]
[ECO "A07"]
[WhiteElo "2511"]
[BlackElo "2409"]
[Annotator "ChessBase"]
[PlyCount "96"]
[EventDate "2019.06.15"]
[EventType "swiss"]
[EventCountry "ITA"]
[SourceTitle "playchess.com"]
[Source "ChessBase"]
[SourceQuality "1"]
[TimeControl "40/5400+30:1800+30"]

1. Nf3 d5 2. g3 c6 3. Bg2 Bg4 4. h3 Bxf3 5. Bxf3 e5 6. d3 Nf6 7. O-O Be7 8. Nd2 O-O 9. e4 dxe4 10. dxe4 Nbd7 11. Qe2 Qc7 12. a4 Nc5 13. Nc4 Rad8 14. b4 Ne6 15. c3 Rd7 16. Be3 b6 17. Rfd1 Rfd8 18. Rxd7 Rxd7 19. h4 b5 20. Na5 a6 21. Kg2 h6 22. Kh2 Qd6 23. Ra2 Bd8 24. axb5 axb5 25. Kg2 Kh8 26. Nb3 Qd3 27. Qxd3 Rxd3 28. Rc2 Bc7 29. Nc1 Rd8 30. Ra2 Bd6 31. Nb3 Rc8 32. Ra6 Bf8 33. Na5 c5 34. Nc6 cxb4 35. cxb4 Nd7 36. Bg4 Kg8 37. Na7 Re8 38. Nc6 Nf6 39. Bf3 Nd8 40. Nxd8 Rxd8 41. Rb6 Bxb4 42. Rxb5 Bc3 43. g4 Ne8 44. g5 hxg5 45. hxg5 Nd6 46. Rc5 Rc8 47. Rxc8+ Nxc8 48. Bc5 Bd4 1/2-1/2

[Event "10th Dolomiti Open 2019"]
[Site "Forni di Sopra"]
[Date "2019.06.21"]
[Round "8.3"]
[White "Cruz, Cristhian"]
[Black "Sarkar, Justin"]
[Result "1/2-1/2"]
[ECO "D20"]
[WhiteElo "2561"]
[BlackElo "2359"]
[Annotator "ChessBase"]
[PlyCount "62"]
[EventDate "2019.06.15"]
[EventType "swiss"]
[EventCountry "ITA"]
[SourceTitle "playchess.com"]
[Source "ChessBase"]
[SourceQuality "1"]
[TimeControl "40/5400+30:1800+30"]

1. d4 d5 2. c4 dxc4 3. e4 e5 4. Nf3 Bb4+ 5. Bd2 Bxd2+ 6. Qxd2 exd4 7. Qxd4 Nf6 8. Qxd8+ Kxd8 9. Nc3 Be6 10. Nd4 Nc6 11. Nxc6+ bxc6 12. O-O-O+ Ke7 13. Be2 Nd7 14. Rd4 Nb6 15. Rhd1 g5 16. g3 f6 17. f4 gxf4 18. gxf4 Rhg8 19. f5 Bf7 20. e5 fxe5 21. Rh4 Nd5 22. Bxc4 Nxc3 23. bxc3 Bxc4 24. Rxc4 Rad8 25. Rxc6 Rxd1+ 26. Kxd1 Rg2 27. Re6+ Kf7 28. Rxe5 Rxa2 29. Rc5 Rxh2 30. Rxc7+ Kf6 31. Rxa7 Kxf5 1/2-1/2

[Event "10th Dolomiti Open 2019"]
[Site "Forni di Sopra"]
[Date "2019.06.21"]
[Round "8.6"]
[White "Kumar, Nikhil"]
[Black "Sonis, Francesco"]
[Result "0-1"]
[ECO "E52"]
[WhiteElo "2257"]
[BlackElo "2494"]
[Annotator "ChessBase"]
[PlyCount "94"]
[EventDate "2019.06.15"]
[EventType "swiss"]
[EventCountry "ITA"]
[SourceTitle "playchess.com"]
[Source "ChessBase"]
[SourceQuality "1"]
[TimeControl "40/5400+30:1800+30"]

1. d4 Nf6 2. c4 e6 3. Nc3 Bb4 4. e3 b6 5. Bd2 Bb7 6. Nf3 O-O 7. Bd3 d5 8. cxd5 exd5 9. O-O Be7 10. Ne5 c5 11. f4 Nc6 12. Rc1 cxd4 13. Nxc6 Bxc6 14. exd4 Qd7 15. Re1 Bb4 16. Ne2 Bxd2 17. Qxd2 Rfe8 18. Ng3 Ne4 19. Qc2 Rac8 20. Ba6 Bb7 21. Qd3 Bxa6 22. Qxa6 f5 23. Ne2 h6 24. g3 Kh7 25. Kg2 Nd6 26. Rxc8 Rxc8 27. Qd3 Qe6 28. Rc1 Rxc1 29. Nxc1 Qe1 30. Qc3 Qe4+ 31. Kh3 Nb5 32. Qd3 Nxd4 33. Qxe4 fxe4 34. Kg2 Kg6 35. g4 Kf6 36. Kf2 g5 37. Ke3 Nc2+ 38. Kd2 Nd4 39. Ke3 Nc2+ 40. Kd2 Nb4 41. a3 Nc6 42. Ke3 gxf4+ 43. Kxf4 Ne5 44. Ne2 Nd3+ 45. Ke3 Ke5 46. b3 Ne1 47. a4 d4+ {[%emt 0:18:42] Kxd4+} 0-1

[Event "10th Dolomiti Open 2019"]
[Site "Forni di Sopra"]
[Date "2019.06.21"]
[Round "8.7"]
[White "Guerrero Sierra, Juan Carlos"]
[Black "Bellia, Fabrizio"]
[Result "1/2-1/2"]
[ECO "C77"]
[WhiteElo "2290"]
[BlackElo "2450"]
[Annotator "ChessBase"]
[PlyCount "84"]
[EventDate "2019.06.15"]
[EventType "swiss"]
[EventCountry "ITA"]
[SourceTitle "playchess.com"]
[Source "ChessBase"]
[SourceQuality "1"]
[TimeControl "40/5400+30:1800+30"]

1. e4 e5 2. Nf3 Nc6 3. Bb5 a6 4. Ba4 Nf6 5. d3 b5 6. Bb3 Be7 7. Nc3 d6 8. a3 O-O 9. Nd5 Na5 10. Ba2 c6 11. Nxf6+ Bxf6 12. b4 Nb7 13. Bb2 Qe7 14. O-O Be6 15. c4 Rfc8 16. Re1 a5 17. cxb5 cxb5 18. Bd5 Bxd5 19. exd5 Qd7 20. Nd2 Bg5 21. Ne4 Bh6 22. Qh5 Qd8 23. d4 Rc2 24. Rab1 axb4 25. axb4 f6 26. Bc1 Bxc1 27. Rexc1 Rxc1+ 28. Rxc1 exd4 29. h3 d3 30. Qd1 f5 31. Ng3 Qg5 32. Rc7 f4 33. Ne4 Qxd5 34. Qg4 Qe5 35. Rc8+ Rxc8 36. Qxc8+ Kf7 37. Qxb7+ Ke6 38. Qc6 Qd4 39. Ng5+ Kf6 40. Ne4+ Ke6 41. Nc5+ Kf6 42. Ne4+ Ke5 1/2-1/2

[Event "10th Dolomiti Open 2019"]
[Site "Forni di Sopra"]
[Date "2019.06.21"]
[Round "8.8"]
[White "Haug, Johannes"]
[Black "Alok Sinha"]
[Result "1/2-1/2"]
[ECO "B51"]
[WhiteElo "2438"]
[BlackElo "2205"]
[Annotator "NA"]
[PlyCount "66"]
[EventDate "2019.06.15"]
[EventType "swiss"]
[EventCountry "ITA"]
[SourceTitle "playchess.com"]
[Source "ChessBase"]
[SourceQuality "1"]
[TimeControl "40/5400+30:1800+30"]

1. e4 c5 2. Nf3 d6 3. Bb5+ Nc6 4. O-O Bd7 5. Re1 Nf6 6. c3 a6 7. Bc4 Bg4 8. d4 cxd4 9. cxd4 b5 10. Bf1 e5 11. d5 Nd4 12. Be3 Nxf3+ 13. gxf3 Bd7 14. a4 Rb8 15. axb5 axb5 16. b4 Be7 17. Nc3 O-O 18. Ra5 Nh5 19. Bxb5 Bh3 20. Ra7 Bg5 21. Qd2 Bf4 22. Kh1 Qh4 23. Bxf4 Nxf4 24. Rg1 Rfc8 25. Ra2 Kh8 26. Ba6 Rg8 27. Nd1 g5 28. Ne3 Rg6 29. Rg3 Rh6 30. Kg1 Rg8 31. Be2 Bd7 32. Nf1 Bh3 33. Ne3 Bd7 1/2-1/2

[Event "10th Dolomiti Open 2019"]
[Site "Forni di Sopra"]
[Date "2019.06.21"]
[Round "8.9"]
[White "Gueci, Tea"]
[Black "Anand Nadar"]
[Result "1/2-1/2"]
[ECO "B90"]
[WhiteElo "2257"]
[BlackElo "2366"]
[Annotator "ChessBase"]
[PlyCount "64"]
[EventDate "2019.06.15"]
[EventType "swiss"]
[EventCountry "ITA"]
[SourceTitle "playchess.com"]
[Source "ChessBase"]
[SourceQuality "1"]
[TimeControl "40/5400+30:1800+30"]

1. e4 c5 2. Nf3 d6 3. d4 cxd4 4. Nxd4 Nf6 5. Nc3 a6 6. f3 e5 7. Nb3 Be6 8. Be3 h5 9. Nd5 Bxd5 10. exd5 Nbd7 11. Be2 Rc8 12. c4 g6 13. Qd2 b6 14. O-O Bg7 15. Rac1 O-O 16. Na1 a5 17. b3 Nh7 18. Nc2 Re8 19. a3 f5 20. b4 f4 21. Bf2 Bh6 22. Bd3 Kg7 23. Na1 Nhf6 24. Qb2 Kf7 25. Nb3 Rg8 26. c5 a4 27. c6 axb3 28. cxd7 Qxd7 29. Qxb3 g5 30. Qb1 Rc4 31. Rc2 Rxc2 32. Rc1 Rxc1+ 1/2-1/2